 Dungeon Sprint DCSS version 0.23.0 (webtiles) character file.

Game seed: 14341259721401504142

670 Kairos the Blocker (level 7, -11/61 (63) HPs)
             Began as a Formicid Fighter on Feb 12, 2019.
             Mangled by a tyrant leech (16 damage)
             ... in the Dungeon (Sprint II: "The Violet Keep of Menkaure").
             The game lasted 00:01:44 (501 turns).

Kairos the Blocker (Formicid Fighter)                Turns: 501, Time: 00:01:44

HP:   -11/61 (63)   AC:  8    Str: 22    XL:     7   Next: 89%
MP:   7/7           EV: 10    Int:  8    God:
Gold: 729           SH: 12    Dex: 10    Spells: 6/6 levels left

rFire    . . .     SeeInvis +   a - +0 war axe
rCold    . . .     Gourm    .   c - +0 shield
rNeg     . . .     Faith    .   b - +0 scale mail
rPois    .         Spirit   .   (helmet unavailable)
rElec    .         Reflect  .   (no cloak)
rCorr    .         Harm     .   (no gloves)
MR       .....                  (no boots)
Stlth    ..........             (no amulet)
HPRegen  0.20/turn              (no ring)
MPRegen  0.10/turn              (no ring)

@: no status effects
A: permanent stasis, dig shafts and tunnels, four strong arms, antennae 3
a: Dig


You were in the Dungeon.
You were not hungry.

You visited 1 branch You collected 729 gold pieces.

Inventory:

Hand Weapons
 a - a +0 war axe (weapon)
 l - a +0 antimagic spear
Armour
 b - a +0 scale mail (worn)
 c - a +0 shield (worn)
Scrolls
 k - a scroll of blinking
Potions
 d - a potion of might
 e - a potion of curing
 g - a potion of heal wounds
 h - a potion of haste
 i - 2 potions of magic
 j - a potion of berserk rage
Comestibles
 f - a ration


   Skills:
 + Level 8.5 Fighting
 + Level 9.3 Axes
 + Level 8.2 Armour
 + Level 1.6 Dodging
 + Level 10.7 Shields


You had 6 spell levels left.
You didn't know any spells.
Your spell library was empty.

Dungeon Overview and Level Annotations

Branches:
Dungeon (1/1)

Altars:


Innate Abilities, Weirdness & Mutations

You cannot be hasted, slowed, berserked, paralysed or teleported.
You can dig through walls and to a lower floor.
Your four strong arms can wield two-handed weapons with a shield.
You have a pair of large antennae on your head. (SInv)


Message History

a necrophage skeleton x2
There is a staircase leading out of the dungeon here.
You open the door. You closely miss the tyrant leech.
You block the tyrant leech's attack.
You closely miss the tyrant leech. The tyrant leech bites you!!
The tyrant leech draws strength from your injuries!
You barely miss the tyrant leech. You barely miss the tyrant leech.
The tyrant leech bites you.
The tyrant leech draws strength from your injuries!
You hit the tyrant leech but do no damage.
You block the tyrant leech's attack.
You hit the tyrant leech but do no damage.
You block the tyrant leech's attack.
You closely miss the tyrant leech. The tyrant leech bites you!!
* * * LOW HITPOINT WARNING * * *
The tyrant leech draws strength from your injuries!
You slash the tyrant leech!
The tyrant leech is lightly wounded.
The tyrant leech bites you!
You die...

≈§ { #+++#+++##
.........#{ { {##
##..# { { ##$
.##.#### { ..
..#....# ### w#.
###..##
##.###w###.##..#{
#...##@##...#..# {
+.##'.<.÷.##'..###
###.##.##...#....#
#.###'###.##.†....≈≈≈
####...####≈≈.....≈#+
{ #.†#..#≈§≈≈≈≈≈§.≈#.
##...##≈≈≈≈≈§≈≈.≈#. {
##+##≈§≈≈≈≈≈§§≈≈#.
#≈≈≈≈≈≈≈≈≈§≈≈≈§≈≈≈#.


You could see 2 tyrant leeches.

Vanquished Creatures
  A merfolk siren (D)
  4 necrophages (D)
  3 worms (D)
8 creatures vanquished.

Vanquished Creatures (others)
  A crocodile (D)
1 creature vanquished.

Grand Total: 9 creatures vanquished

Notes
Turn   | Place    | Note
-------+----------+-------------------------------------------
     0 | D        | Kairos the Formicid Fighter began the quest for the Orb.
     0 | D        | Reached XP level 1. HP: 18/18 MP: 1/1
     5 | D        | Noticed a tyrant leech
     5 | D        | Noticed a tyrant leech
    12 | D        | Reached skill level 4 in Shields
    16 | D        | Reached XP level 2. HP: 16/25 MP: 2/2
   216 | D        | Noticed a necrophage
   216 | D        | Noticed a necrophage
   216 | D        | Noticed a necrophage
   216 | D        | Noticed a necrophage
   227 | D        | Killed a necrophage
   227 | D        | Reached skill level 5 in Fighting
   227 | D        | Reached skill level 5 in Armour
   227 | D        | Reached skill level 6 in Shields
   227 | D        | Reached XP level 3. HP: 29/34 MP: 3/3
   227 | D        | Reached XP level 4. HP: 34/40 MP: 4/4
   227 | D        | Reached XP level 5. HP: 39/46 MP: 5/5
   232 | D        | Killed a necrophage
   232 | D        | Reached skill level 5 in Axes
   232 | D        | Reached skill level 8 in Shields
   238 | D        | Killed a necrophage
   238 | D        | Reached skill level 9 in Shields
   238 | D        | Reached XP level 6. HP: 39/53 MP: 6/6
   247 | D        | Killed a necrophage
   247 | D        | Reached skill level 1 in Dodging
   404 | D        | Noticed a merfolk siren
   421 | D        | Killed a merfolk siren
   421 | D        | Reached skill level 10 in Shields
   421 | D        | Reached XP level 7. HP: 58/61 MP: 7/7
   435 | D        | Noticed an obsidian statue
   501 | D        | Mangled by a tyrant leech

Skill      XL: |  1  2  3  4  5  6 |
---------------+-------------------+-----
Shields        | 4 6 9 10 | 10.7
Fighting       | 4 5 7 8 |  8.5
Armour         | 4 5 7 8 |  8.2
Axes           | 4 6 9 |  9.3
Dodging        | 1 |  1.6

Action                   |  1- 3 |  4- 6 |  7- 9 || total
-------------------------+-------+-------+-------++-------
Melee: War axe           |    30 |    34 |     8 ||    72
Armor: Scale mail        |     4 |     6 |       ||    10
Dodge: Dodged            |     6 |     5 |       ||    11
Block: Shield            |    14 |     9 |     3 ||    26
